 Dungeon Crawl Stone Soup version 0.31-a0-801-gc67433417a (webtiles) character file.

Game seed: 7490104160395536531

5 GordonOverkill the Sneak (level 1, -3/13 HPs)
             Began as a Deep Elf Delver on Sept 20, 2023.
             Hit by a boomerang thrown by an orc (5 damage)
             ... on level 5 of the Dungeon.
             The game lasted 00:00:58 (200 turns).

GordonOverkill the Sneak (Deep Elf Delver)           Turns: 200, Time: 00:00:58

Health: -3/13      AC:  3    Str:  9    XL:     1   Next: 66%
Magic:  3/3        EV: 12    Int: 14    God:
Gold:   12         SH:  0    Dex: 16    Spells: 0/0 levels left

rFire   . . .        a - +0 short sword
rCold   . . .        (no shield)
rNeg    . . .        b - +0 leather armour
rPois   .            (no helmet)
rElec   .            (no cloak)
rCorr   .            (no gloves)
SInv    .            (no boots)
Will    .....        (no amulet)
Stlth   +++          (no ring)
HPRegen 0.22/turn    (no ring)
MPRegen 0.08/turn

%: no passive effects
@: no status effects
A: no striking features
a: no special abilities


You were on level 5 of the Dungeon.
You visited 1 branch of the dungeon, and saw 2 of its levels.

You collected 12 gold pieces.

Inventory:

Hand Weapons
 a - a +0 short sword (weapon)
Armour
 b - a +0 leather armour (worn)
Wands
 g - a wand of digging (3)
 j - a wand of roots (7)
Scrolls
 c - a scroll of fog
 d - a scroll of revelation
 e - a scroll of fear
 i - a scroll of teleportation {unknown}
Potions
 f - a potion of haste
 h - a potion of curing {unknown}


   Skills:
 + Level 2.7 Fighting
 - Level 2.0 Short Blades
 - Level 2.4 Dodging
 - Level 6.0 Stealth


You couldn't memorise any spells.
You didn't know any spells.
Your spell library was empty.

Dungeon Overview and Level Annotations

Branches:
Dungeon (6/15)
 Temple: D:4-7

Altars:

Annotations:
D:5 Duvessa


Message History

a +0 dagger; an orc corpse You start waiting.
An orc wizard is nearby!
The orc wizard casts a spell at you. The magic dart hits you.
The orc wizard casts a spell at you.
You are confused.
Unknown command.
The orc wizard gestures at you while chanting.
You resist with significant effort.
There is a stone staircase leading down here.
The orc shouts!
You hear a shout!
The orc shouts!
The orc wizard hits you with a +0 dagger of protection.
There is a stone staircase leading down here.
You hit the orc wizard but do no damage.
The orc wizard closely misses you.
You completely miss the orc wizard.
The orc throws a boomerang.
The boomerang hits you.
* * * LOW HITPOINT WARNING * * *
The orc wizard barely misses you.
You feel less confused.
The orc wizard hits you with a +0 dagger of protection.
* * * LOW HITPOINT WARNING * * *
Aiming: Fastroot
Press: ? - help, Shift-Dir - straight line, f - orc
Aim: an orc, wielding a +0 club and quivering boomerangs The roots erupt in riotous growth!
Roots grab the orc.
Roots grab the orc wizard.
Roots grab the orc.
The grasping roots constrict the orc wizard.
The grasping roots constrict the orc. x2
You hear a shout!
The orc escapes!
Duvessa, Sister of Dowan comes into view.
She is wielding a +0 short sword.
The orc wizard hits you with a +0 dagger of protection.
* * * LOW HITPOINT WARNING * * *
The orc escapes!
The grasping roots constrict the orc wizard.
The orc attacks as it pursues you! The orc misses you.
The orc throws a boomerang.
The boomerang hits you.
You die...

.... ...### #....#
.o..... #....#
....... #....+
.o..... #....#
....... #....#
..o.... #....#
.......
#.@o.##'###.......
######.o.e...........
#....#.o.............
+....#†..............
#....†)..............
#...)#...............
##..##...............
#+#########....#####
#....#


You could see Duvessa, an orc wizard (rooted) and 2 orcs.

Vanquished Creatures
  2 orcs (D:5)
  A quokka (D:5)
3 creatures vanquished.

Notes
Turn   | Place    | Note
-------+----------+-------------------------------------------
     0 | D:5      | GordonOverkill the Deep Elf Delver began the quest for the
                  | Orb.
     0 | D:5      | Reached XP level 1. HP: 13/13 MP: 3/3
    25 | D:6      | Noticed a hound
   122 | D:5      | Noticed an orc wizard
   199 | D:5      | Noticed Duvessa
   200 | D:5      | Hit by a boomerang thrown by an orc

Illustrated notes

Levels and vault maps discovered:
D:5:      layout_gridville, minmay_temple_entry_gardened_gates, serial_shops,
          nicolae_shop_statue_plus, kennysheep_dice, uniq_duvessa
D:6:      layout_basic, minmay_manual_mares

Action                     || total
---------------------------++-------
  Melee: Short sword       ||    12
  Evoke: Wand              ||     1
 Armour: Leather armour    ||    10
  Dodge: Dodged            ||     7

Table legend: (Time is in decaauts)
 A = Elapsed time spent in this place.
 B = Non-inter-level travel time spent in this place.
 C = Inter-level travel time spent in this place.
 D = Time resting spent in this place.
 E = Time spent auto-exploring this place.
 F = Levels seen in this place.
 G = Mean time per level.
                   A        B        C        D        E       F      G
               +--------+--------+--------+--------+--------+-----+--------+
         Total |    199 |    174 |     25 |     25 |      0 |   2 |   99.5 |
       Dungeon |    199 |    174 |     25 |     25 |      0 |   2 |   99.5 |
               +--------+--------+--------+--------+--------+-----+--------+

Top non-repeatable levels by time:
     D:6: 119 daAuts
     D:5: 79 daAuts
